 Dungeon Crawl Stone Soup version 0.25-a0-163-g00f8f0c (webtiles) character file.

Game seed: 9060427296505732117, levelgen mode: deterministic

726 DrEnzyme the Skirmisher (level 8, -6/68 HPs)
             Began as a Formicid Wanderer on Nov 22, 2019.
             Mangled by a two-headed ogre
             ... wielding a +0 giant spiked club
              (8 damage)
             ... on level 4 of the Dungeon.
             The game lasted 00:13:16 (4703 turns).

DrEnzyme the Skirmisher (Formicid Wanderer)         Turns: 4703, Time: 00:13:16

Health: -6/68      AC: 10    Str: 19    XL:     8   Next: 2%
Magic:  8/8        EV:  8    Int: 11    God:
Gold:   144        SH:  0    Dex: 11    Spells: 6/7 levels left

rFire    . . .     SeeInvis +   a - +2 quarterstaff
rCold    . . .     Gourm    .   (no shield)
rNeg     . . .     Faith    .   k - +0 chain mail (curse)
rPois    .         Spirit   .   (helmet unavailable)
rElec    .         Reflect  .   (no cloak)
rCorr    .         Harm     .   (no gloves)
MR       +....                  e - +1 pair of boots
Stlth    ..........             (no amulet)
HPRegen  0.21/turn              o - ring of protection from magic
MPRegen  0.11/turn              (no ring)

@: no status effects
A: permanent stasis, dig shafts and tunnels, four strong arms, antennae 3, thin
metallic scales 1, deformed body, high mp 1, MP-powered wands
a: Dig, Shaft Self


You were on level 4 of the Dungeon.
You were hungry.

You visited 1 branch of the dungeon, and saw 4 of its levels.

You collected 234 gold pieces.
You spent 90 gold pieces at shops.

Inventory:

Hand Weapons
 a - a +2 quarterstaff (weapon)
 b - a +0 hand axe
Missiles
 h - 3 javelins
 t - 34 poisoned darts (quivered)
Armour
 d - a +0 robe
 e - a +1 pair of boots (worn)
 g - a cursed +0 plate armour
 k - a cursed +0 chain mail (worn)
Jewellery
 o - a ring of protection from magic (left hand)
Wands
 j - a wand of polymorph (7)
Scrolls
 i - a scroll of magic mapping
 m - a scroll of remove curse {unknown}
 q - 2 scrolls of amnesia
 r - 2 scrolls of immolation
Potions
 c - 9 potions of curing
 l - a potion of magic {unknown}
 n - 3 potions of degeneration {unknown}
 p - 3 potions of haste
 s - 2 potions of agility
Comestibles
 f - 10 rations


   Skills:
 * Level 7.7 Fighting
   Level 1.0(1.2) Maces & Flails
 - Level 1.2(1.4) Staves
 + Level 2.2 Throwing
 * Level 5.5 Armour
 - Level 1.0 Dodging
 - Level 1.2 Stealth


You had 6 spell levels left.
You knew the following spells:

 Your Spells              Type           Power        Failure   Level  Hunger
a - Confusing Touch       Hex            #.....       98%         1    ##.....

Your spell library contained the following spells:

 Spells                   Type           Power        Failure   Level  Hunger
 Pain                     Necr           #...         98%         1    ##.....
 Confuse                  Hex            #.......     100%        3    ####...
 Gell's Gravitas          Tloc           #.........   100%        3    ####...
 Petrify                  Tmut/Erth      #.......     100%        4    #####..
 Metabolic Englaciation   Hex/Ice        #.........   100%        5    ######.
 Yara's Violent Unravell  Hex/Tmut       #.........   100%        5    ######.


Dungeon Overview and Level Annotations

Branches:
Dungeon (4/15)
 Temple: D:4-7

Altars:
Cheibriados
Dithmenos
Nemelex Xobeh
Ru
Sif Muna
Wu Jian
Zin

Annotations:
D:2 1 runed translucent door, Crazy Yiuf
D:3 exclusion: downstairs


Innate Abilities, Weirdness & Mutations

You cannot be hasted, slowed, berserked, paralysed or teleported.
You can dig through walls and to a lower floor.
Your four strong arms can wield two-handed weapons with a shield.
You have a pair of large antennae on your head. (SInv)
You are partially covered in thin metallic scales. (AC +2)
Armour fits poorly on your strangely shaped body.
You have an increased reservoir of magic. (+10% MP)
You expend magic power (3 MP) to strengthen your wands.


Message History

Throwing (i - inventory. (/) - cycle)
t - 36 poisoned darts (quivered)
Press: ? - help, Shift-Dir - straight line, f/p - two-headed ogre
Aim: a two-headed ogre, wielding a +0 giant spiked club and a +0 giant club (lightly wounded)
You throw a poisoned dart.
The poisoned dart barely misses the two-headed ogre.
The two-headed ogre hits you with a +0 giant spiked club!!
The two-headed ogre hits you with a +0 giant club!
* * * LOW HITPOINT WARNING * * *
Throwing (i - inventory. (/) - cycle)
t - 35 poisoned darts (quivered)
Press: ? - help, Shift-Dir - straight line, f/p - two-headed ogre
Aim: a two-headed ogre, wielding a +0 giant spiked club and a +0 giant club You throw a poisoned dart.
The poisoned dart hits the two-headed ogre.
You see here a poisoned dart.
There is a stone staircase leading up here.
You see here a poisoned dart.
The two-headed ogre hits you with a +0 giant spiked club!!
* * * LOW HITPOINT WARNING * * *
The two-headed ogre hits you with a +0 giant club!
You die...

###.#..........#...........# #.#
...........................# #.#
................####.##.#### #.#
.................###.##.# ####<#
#####........[(#..##.##.# ##..>.#
....##........###....##.###......
....#.........<#####(...##.......
....#......>...O####.##..........
................@................
....#)...........###......#......
....#...........## ####........##
....##........#...# #......#####
#######......####...##.#.#...###
##....### ##....#.##....#
######..##...# #............##
.......#####..# #...###....∩...#
######## #......## ##........


You could see a two-headed ogre.

Vanquished Creatures
  Sigmund (D:3)
  A big kobold (D:4)
  A howler monkey (D:3)
  An orc priest (D:4)
  2 jellies (D:2)
  3 orc wizards
  2 worker ants (D:4)
  3 gnolls (D:4)
  6 adders
  9 oozes (D:2)
  A worm (D:4)
  2 dart slugs
  4 leopard geckos
  5 orcs
  3 giant cockroaches
  4 goblins
  4 hobgoblins
  10 jackals
  2 ball pythons
  14 bats
  2 frilled lizards
  A jackal skeleton (D:4)
  32 kobolds
  A leopard gecko skeleton (D:4)
  A quokka skeleton (D:4)
  6 rats
  2 plants (D:4)
123 creatures vanquished.

Vanquished Creatures (others)
  A fungus (D:2)
  8 toadstools (D:2)
9 creatures vanquished.

Grand Total: 132 creatures vanquished

Notes
Turn   | Place    | Note
-------+----------+-------------------------------------------
     0 | D:1      | DrEnzyme the Formicid Wanderer began the quest for the Orb.
     0 | D:1      | DrEnzyme set off with the following items: a +2
                  | quarterstaff, a +0 hand axe, a potion of curing, a +0 robe,
                  | a ration
     0 | D:1      | Reached XP level 1. HP: 18/18 MP: 1/1
   323 | D:1      | Reached XP level 2. HP: 24/24 MP: 2/2
   651 | D:1      | Reached skill level 4 in Fighting
   653 | D:1      | Reached XP level 3. HP: 13/30 MP: 3/3
  1015 | D:1      | Found a snail-covered altar of Cheibriados.
  1180 | D:2      | Found a sparkling altar of Nemelex Xobeh.
  1225 | D:2      | Found an ornate altar of the Wu Jian Council.
  1401 | D:1      | Gained mutation: Armour fits poorly on your strangely
                  | shaped body. [potion of mutation]
  1401 | D:1      | Gained mutation: You have an increased reservoir of magic.
                  | (+10% MP) [potion of mutation]
  1401 | D:1      | Gained mutation: You expend magic power (3 MP) to
                  | strengthen your wands. [potion of mutation]
  1401 | D:1      | Gained mutation: You are partially covered in thin metallic
                  | scales. (AC +2) [potion of mutation]
  1488 | D:2      | Reached XP level 4. HP: 38/38 MP: 4/4
  1647 | D:2      | Reached skill level 5 in Fighting
  1891 | D:2      | Reached XP level 5. HP: 36/44 MP: 5/5
  1995 | D:2      | Found a runed translucent door.
  2529 | D:2      | Reached skill level 6 in Fighting
  2529 | D:2      | Reached XP level 6. HP: 30/52 MP: 6/6
  2766 | D:2      | Noticed Crazy Yiuf
  2903 | D:3      | Found a shadowy altar of Dithmenos.
  2963 | D:3      | Noticed Sigmund
  2975 | D:3      | Killed Sigmund
  2975 | D:3      | Reached skill level 7 in Fighting
  2975 | D:3      | Reached XP level 7. HP: 60/60 MP: 7/7
  3293 | D:3      | Found a shimmering blue altar of Sif Muna.
  3336 | D:3      | Identified Sif Muna's Collected Works on Sinister Arts
  3517 | D:4      | Found Zin's Purification Station.
  3517 | D:4      | Found a glowing silver altar of Zin.
  3673 | D:4      | Bought a potion of curing for 90 gold pieces
  3795 | D:4      | Noticed a two-headed ogre
  3927 | D:4      | Learned a level 1 spell: Confusing Touch
  4064 | D:4      | Reached skill level 5 in Armour
  4501 | D:4      | Reached XP level 8. HP: 63/68 MP: 8/8
  4571 | D:4      | Found a sacrificial altar of Ru.
  4703 | D:4      | HP: 2/68 [two-headed ogre/+0 giant spiked club (19)]
  4703 | D:4      | Mangled by a two-headed ogre

Levels and vault maps discovered:
D:1:      shiori_arrival_maze, layout_loops_cross, cheibriados_altar_1
D:2:      cheibrodos_fertilizer, layout_basic, overflow_temple_1_default,
          nemelex_xobeh_ov_fountains_minmay, first_ration,
          hangedman_decor_growths, uniq_crazy_yiuf_cottage
D:3:      layout_basic, led_sif_book, grunt_dithmenos_smoke, uniq_sigmund
D:4:      kennysheep_kobold_camp, layout_rooms, zin_purify,
          nicolae_ru_the_path_less_chosen, tso_oasis_becter

Skill      XL: |  1  2  3  4  5  6  7 |
---------------+----------------------+-----
Fighting       | 4 5 6 7 |  7.7
Armour         | 2 4 5 |  5.5
Maces & Flails | |  1.0
Staves         | |  1.2
Throwing       | |  2.2
Dodging        | |  1.0
Stealth        | |  1.2

Action                   |  1- 3 |  4- 6 |  7- 9 || total
-------------------------+-------+-------+-------++-------
Melee: Quarterstaff      |    96 |   115 |   213 ||   424
Throw: Stone             |     4 |       |       ||     4
       Dart              |       |       |     4 ||     4
 Abil: Dig               |       |       |     2 ||     2
  Use: Scroll            |     7 |     1 |     1 ||     9
       Potion            |     1 |     1 |     1 ||     3
  Eat: Chunk             |     1 |     6 |     5 ||    12
Armor: Robe              |    28 |       |       ||    28
       Chain mail        |    26 |    81 |   113 ||   220
Dodge: Dodged            |    56 |    51 |    56 ||   163

Table legend:
 A = Non-vault XP
 B = Vault XP
 C = Vault XP percentage of total XP
 D = Non-vault monster count
 E = Vault monster count
 F = Vault count percentage of total count
                 A         B        C        D         E       F
            +---------+---------+-------+---------+---------+-------
      Total |     448 |     590 |  56.8 |      77 |      44 |  36.4
            +---------+---------+-------+---------+---------+-------
        D:1 |      39 |       4 |   9.3 |      22 |       2 |   8.3
        D:2 |      93 |     159 |  63.1 |      25 |      18 |  41.9
        D:3 |      93 |     298 |  76.2 |      14 |       3 |  17.6
        D:4 |     223 |     129 |  36.6 |      16 |      21 |  56.8
            +---------+---------+-------+---------+---------+-------
